 Dungeon Crawl Stone Soup version 0.30-a0-1164-ge08a67761e (webtiles) character file.

Game seed: 12588883923151350438

13732 jasper the Thaumaturge (level 11, -21/90 HPs)
             Began as a Mummy Earth Elementalist on Apr 29, 2023.
             Was an Elder of Kikubaaqudgha.
             Demolished by a red ugly thing (34 damage)
             ... on level 11 of the Dungeon.
             The game lasted 00:21:14 (12117 turns).

jasper the Thaumaturge (Mummy Earth Elementalist)  Turns: 12117, Time: 00:21:15

Health: -21/90     AC:  7    Str: 11    XL:     11   Next: 79%
Magic:  5/26       EV: 14    Int: 31    God:    Kikubaaqudgha [****..]
Gold:   510        SH:  0    Dex: 12    Spells: 12/33 levels left

rFire   x . .        i - staff of earth "Utuummus" {rC+ rCorr Int+3}
rCold   + + .        (no shield)
rNeg    + + +        F - +0 steam dragon scales
rPois   ∞            n - +0 helmet
rElec   .            H - +0 cloak
rCorr   +            (no gloves)
SInv    .            (no boots)
Will    ++...        (no amulet)
Stlth   ++           o - ring "Iggoe" {Will+ Int+2}
HPRegen 0.35/turn    y - +6 ring of intelligence
MPRegen 0.20/turn

%: faith
@: animating dead, very slightly contaminated, studying Fighting
A: cold resistance 1, negative energy resistance 3, torment resistance 2, heat
vulnerability 1, in touch with death 1, no potions, faith
a: Renounce Religion, Unearth Wretches


You were on level 11 of the Dungeon.
You worshipped Kikubaaqudgha.
Kikubaaqudgha was greatly pleased with you.
You visited 2 branches of the dungeon, and saw 12 of its levels.

You collected 560 gold pieces.
You spent 50 gold pieces at shops.

Inventory:

Hand Weapons
 f - a +0 whip
 u - a +2 whip of flaming
Missiles
 e - 93 stones
 h - 22 boomerangs
 j - 2 datura-tipped darts
 q - 4 throwing nets
Armour
 a - a +0 robe
 m - a +1 animal skin
 n - a +0 helmet (worn)
 t - a +2 robe of willpower
 B - a +0 helmet
 F - +0 steam dragon scales (worn)
 H - a +0 cloak (worn)
 J - a +0 buckler of protection
Magical Staves
 i - the staff of earth "Utuummus" (weapon) {rC+ rCorr Int+3}
   (You acquired it on level 3 of the Dungeon)

   [staff of earth]

   Base accuracy: +5 Base damage: 5 Base attack delay: 1.2 This weapon's minimum
   attack delay (0.6) is reached at skill level 12.
   Int:       It affects your intelligence (+3).
   rC:        It protects you from cold.
   rCorr:     It protects you from acid and corrosion.
   It falls into the 'Staves' category.
   It is a one-handed weapon.
Jewellery
 l - a ring of fire
 o - the ring "Iggoe" (left hand) {Will+ Int+2}
   (You acquired it on level 4 of the Dungeon)

   [ring of willpower]

   Int:       It affects your intelligence (+2).
   Will:      It increases your willpower.
 r - a ring of wizardry
 s - a +4 ring of slaying
 x - a ring of fire
 y - a +6 ring of intelligence (right hand)
 A - a ring of see invisible
 I - a +4 ring of slaying
Wands
 k - a wand of roots (7)
 C - a wand of digging (6)
 D - a wand of flame (7)
Scrolls
 b - 8 scrolls of teleportation
 c - 2 scrolls of blinking
 d - a scroll of noise
 g - a scroll of vulnerability
 p - a scroll of summoning
 v - 2 scrolls of enchant weapon
 w - a scroll of brand weapon
 z - a scroll of silence {unknown}
 E - 2 scrolls of poison {unknown}
 K - a scroll of enchant armour {unknown}


   Skills:
 - Level 10.1 Fighting
 - Level 6.8 Dodging
 - Level 1.5 Stealth
 + Level 2.2 Shields
 - Level 11.8 Spellcasting
 - Level 3.0 Conjurations
 - Level 10.1 Necromancy
 - Level 0.7 Transmutations
 - Level 5.0 Earth Magic


You had 12 spell levels left.
You knew the following spells:

 Your Spells              Type           Power      Damage    Failure   Level
a - Sandblast             Erth           100%       2d20      1%          1
b - Passwall              Tmut/Erth      43%        N/A       1%          2
c - Stone Arrow           Conj/Erth      100%       3d13      1%          3
d - Cigotuvi's Dreadful   Necr/Pois/Air  100%       N/A       1%          2
e - Animate Dead          Necr           89%        N/A       1%          4
f - Borgnjor's Vile Clut  Necr/Erth      49%        N/A       3%          5
g - Anguish               Hex/Necr       32%        N/A       3%          4

Your spell library contained the following spells:

 Spells                   Type           Power      Damage    Failure   Level
 Kiss of Death            Conj/Necr      100%       2d13      1%          1
 Necrotise                Necr           100%       1d9       1%          1
 Dispel Undead            Necr           89%        3d28      1%          4
 Agony                    Necr           89%        N/A       1%          5
 Sting                    Tmut/Pois      80%        1d7       2%          1
 Poisonous Vapours        Pois/Air       36%        N/A       4%          2
 Dazzling Flash           Conj/Hex       54%        N/A       4%          3
 Death Channel            Necr           44%        N/A       6%          6
 Gell's Gravitas          Tloc           18%        N/A       9%          3
 Teleport Other           Tloc           18%        N/A       9%          3
 Petrify                  Tmut/Erth      52%        N/A       9%          4
 Olgreb's Toxic Radiance  Pois           18%        N/A       26%         4
 Irradiate                Conj/Tmut      14%        3d16      34%         5
 Silence                  Hex/Air        9%         N/A       58%         5
 Dispersal                Tloc           9%         N/A       99%         6
 Sublimation of Blood     Necr           Unusable   N/A       N/A         2

Dungeon Overview and Level Annotations

Branches:
Dungeon (11/15)            Temple (1/1) D:5             Orc (0/2) D:10
   Lair: D:8-11

Altars:
Cheibriados
Dithmenos
Fedhas
Gozag
Hepliaklqana
Kikubaaqudgha
Makhleb
Okawaru
Sif Muna
Uskayaw
Vehumet
Yredelemnul

Shops:
D:3 :   D:4 *   D:6 !   D:9 :


Innate Abilities, Weirdness & Mutations

You are immune to poison.
Your flesh is cold resistant. (rC+)
You are immune to negative energy. (rN+++)
You are immune to unholy pain and torment.
You are vulnerable to heat. (rF-)
You are in touch with the powers of death.
You do not drink.
You have a special connection with the divine. (Faith)


Message History

Your wolf zombie bites the red ugly thing!
Your rime drake zombie bites the manticore.
A yak comes into view.
Your wolf zombie barely misses the red ugly thing.
The red ugly thing misses you.
The manticore barely misses your rime drake zombie. x2
The manticore claws your rime drake zombie.
A yak comes into view.
An ice beast comes into view.
Your rime drake zombie barely misses the manticore.
Your cyclops zombie hits the red ugly thing!
Your wolf zombie bites the red ugly thing but does no damage.
You swap places.
A polar bear comes into view.
The red ugly thing engulfs you but does no damage.
A yak comes into view.
Your wolf zombie bites the red ugly thing but does no damage.
Your wolf zombie bites the red ugly thing.
The manticore bites you. The manticore claws you!
The manticore closely misses you.
Your rime drake zombie closely misses the manticore.
Your wolf zombie bites the red ugly thing.
Your cyclops zombie closely misses the red ugly thing.
The red ugly thing engulfs you!
You are engulfed in flames!!
The fire burns you terribly!
You take 41 damage, and have 39/90 hp.
MASSIVE DAMAGE!!
The manticore attacks as you move away! The manticore bites you!
* * * LOW HITPOINT WARNING * * *
The manticore claws you.
* * * LOW HITPOINT WARNING * * *
The manticore claws you.
* * * LOW HITPOINT WARNING * * *
The manticore flicks its tail.
The volley of spikes misses you.
Your wolf zombie misses the red ugly thing.
Your rime drake zombie bites the manticore.
The red ugly thing engulfs you.
* * * LOW HITPOINT WARNING * * *
You are engulfed in flames!!
The fire burns you terribly!
You die...
Kikubaaqudgha rasps: "You have failed me!
Welcome... oblivion!"

##.................. ..
##.....<........#.. ..#
####.............###....
.##.........#......##.###
.....#...........#.#.....
...................YY..!.
..............~..Z.ZY.Y..
#..............#ZuH.(h...
#....#.........#@Y.......
#....#......##....Y.....~
##...#...######....#.#..#
####....# ##..##..###
##...# #### ## #...##
#...# #####


You could see a red ugly thing (ally target), a manticore (ally target), a polar
bear, 5 yaks, an ice beast, a friendly wolf zombie, a friendly rime drake zombie
and a friendly cyclops zombie.

Vanquished Creatures
  A centaur warrior (D:8)
  A boulder beetle (D:8)
  A two-headed ogre (D:11)
  A tengu warrior (D:8)
  Pikel (D:6)
  2 manticores (D:11)
  A gargoyle (D:10)
  A komodo dragon (D:10)
  A troll (D:8)
  A hornet (D:9)
  A wyvern (D:9)
  A steam dragon (D:7)
  4 vampire mosquitoes (D:10)
  An acid dragon (D:9)
  2 water moccasins
  4 orc warriors
  A sky beast (D:7)
  4 ice beasts
  5 ogres
  2 centaurs (D:5)
  A wolf (D:11)
  A phantom (D:5)
  3 kobold brigands
  4 bullfrogs
  A gnoll sergeant (D:9)
  A scorpion (D:6)
  3 wights (D:6)
  6 killer bees
  3 electric eels (D:10)
  9 howler monkeys
  5 hounds
  A gnoll bouda (D:8)
  3 orc priests
  4 iguanas
  8 orc wizards
  Robin (D:3)
  8 gnolls
  9 adders
  2 shadow imps (D:6)
  5 white imps
  2 ufetubi (D:5)
  A worm (D:5)
  A dart slug (D:5)
  27 orcs
  16 ball pythons
  8 bats
  6 endoplasms
  3 giant cockroaches
  9 goblins
  12 hobgoblins
  12 jackals
  15 kobolds
  2 quokkas
  4 frilled lizards
  4 rats
236 creatures vanquished.

Vanquished Creatures (collateral kills)
  A skeletal warrior (D:8)
  A cyclops (D:11)
  A troll (D:11)
  3 wyverns
  A centaur (D:9)
  10 gnolls
  4 orcs
  A kobold (D:10)
22 creatures vanquished.

Vanquished Creatures (others)
  2 boulder beetles
  The ghost of pigah the Zephyrmancer, a novice OpWn of Gozag (D:8)
  A rime drake (D:11)
  A vampire (D:8)
  A wyvern (D:11)
  An ogre (D:8)
  A gnoll sergeant (D:4)
  2 wyvern zombies
  2 killer bees (D:10)
  An orc wizard (D:11)
  An ogre zombie (D:8)
  A gnoll (D:5)
  A gnoll zombie (D:9)
  6 kobolds
  8 kobold zombies
  11 orc zombies
  10 plants (D:4)
51 creatures vanquished.

Grand Total: 309 creatures vanquished

Notes
Turn   | Place    | Note
-------+----------+-------------------------------------------
     0 | D:1      | jasper the Mummy Earth Elementalist began the quest for the
                  | Orb.
     0 | D:1      | Reached XP level 1. HP: 13/13 MP: 4/4
   250 | D:1      | Reached skill level 3 in Spellcasting
   339 | D:1      | Reached XP level 2. HP: 19/19 MP: 0/6
   342 | D:1      | Learned a level 2 spell: Passwall
   921 | D:1      | Found a faded altar of an unknown god.
   965 | D:1      | Gained mutation: You are in touch with the powers of death.
                  | [Mummy growth]
   965 | D:1      | Reached XP level 3. HP: 17/24 MP: 1/8
   975 | D:1      | Learned a level 3 spell: Stone Arrow
  1913 | D:2      | Reached skill level 4 in Spellcasting
  2266 | D:3      | Reached XP level 4. HP: 30/30 MP: 7/10
  2385 | D:3      | Reached skill level 1 in Conjurations
  2546 | D:3      | Identified a scroll of acquirement
  2547 | D:3      | Acquired the staff of earth "Utuummus" {rC+ rCorr Int+3}
  2556 | D:3      | Got Cenuahy's Secrets of Cadavers
  2814 | D:3      | Noticed Robin
  2829 | D:3      | Reached XP level 5. HP: 35/35 MP: 6/11
  2910 | D:3      | Killed Robin
  3048 | D:3      | Found Hivuf's Book Shop.
  3242 | D:4      | Found Egost's General Store.
  3249 | D:4      | Acquired the ring "Iggoe" {Will+ Int+2}
  3259 | D:4      | Noticed an ogre
  3263 | D:4      | Killed an ogre
  3264 | D:4      | Reached skill level 5 in Spellcasting
  3277 | D:4      | Bought a scroll of teleportation for 30 gold pieces
  3277 | D:4      | Bought a scroll of identify for 20 gold pieces
  3299 | D:4      | Found a blossoming altar of Fedhas.
  3328 | D:4      | Reached XP level 6. HP: 32/41 MP: 10/13
  3623 | D:4      | Reached XP level 7. HP: 46/46 MP: 15/15
  3817 | D:4      | Reached skill level 6 in Spellcasting
  4055 | D:5      | Entered Level 5 of the Dungeon
  4076 | D:5      | Found a staircase to the Ecumenical Temple.
  4096 | Temple   | Entered the Ecumenical Temple
  4101 | Temple   | Became a worshipper of Kikubaaqudgha
  4272 | D:5      | Reached skill level 1 in Fighting
  4388 | D:5      | Reached skill level 7 in Spellcasting
  4543 | D:5      | Reached XP level 8. HP: 47/56 MP: 16/19
  4784 | D:5      | Reached skill level 5 in Earth Magic
  4989 | D:5      | Found a radiant altar of Vehumet.
  5083 | D:6      | Reached skill level 8 in Spellcasting
  5084 | D:6      | Reached * piety under Kikubaaqudgha
  5084 | D:6      | Received a gift from Kikubaaqudgha
  5088 | D:6      | Learned a level 2 spell: Cigotuvi's Dreadful Rot
  5093 | D:6      | Learned a level 4 spell: Animate Dead
  5172 | D:6      | Reached skill level 1 in Necromancy
  5219 | D:6      | Found Ysuy's Distillery.
  5240 | D:6      | Noticed Pikel
  5247 | D:6      | Killed Pikel
  5248 | D:6      | Reached XP level 9. HP: 47/65 MP: 12/21
  5410 | D:6      | Found a hazy altar of Hepliaklqana.
  5970 | D:6      | Reached skill level 9 in Spellcasting
  6461 | D:8      | Reached ** piety under Kikubaaqudgha
  6690 | D:8      | Noticed a skeletal warrior
  6694 | D:8      | Noticed a boulder beetle
  6700 | D:8      | Noticed a tengu warrior
  6792 | D:8      | Noticed a centaur warrior
  6793 | D:8      | Noticed a troll
  6794 | D:8      | Noticed a boulder beetle
  7117 | D:8      | Found a transporter.
  7121 | D:8      | Found a transporter.
  7122 | D:8      | Noticed pigah's ghost (novice OpWn)
  7123 | D:8      | Identified the +1 dire flail "Darchieclu" {drain, *Slow
                  | Will+ Str+3 Dex+7}
  7183 | D:8      | Reached skill level 5 in Fighting
  7374 | D:9      | Found Debyv's Book Shoppe.
  7377 | D:9      | Reached skill level 5 in Necromancy
  8091 | D:9      | Reached XP level 10. HP: 76/76 MP: 21/23
  8128 | D:9      | Reached skill level 5 in Dodging
  8318 | D:9      | Reached *** piety under Kikubaaqudgha
  8318 | D:9      | Received a gift from Kikubaaqudgha
  8325 | D:9      | Learned a level 5 spell: Borgnjor's Vile Clutch
  8334 | D:9      | Learned a level 4 spell: Anguish
  8493 | D:10     | Entered Level 10 of the Dungeon
  8498 | D:10     | Reached skill level 10 in Spellcasting
  8801 | D:10     | Noticed a gargoyle
  8807 | D:10     | Killed a gargoyle
  8847 | D:10     | Found a staircase to the Orcish Mines.
 10085 | D:11     | Noticed a boulder beetle
 10091 | D:11     | Reached **** piety under Kikubaaqudgha
 10111 | D:11     | Killed a boulder beetle
 10161 | D:11     | Noticed a two-headed ogre
 10169 | D:11     | Killed a two-headed ogre
 10313 | D:11     | Noticed a manticore
 10318 | D:11     | Killed a manticore
 10319 | D:11     | Reached XP level 11. HP: 87/87 MP: 20/25
 10427 | D:11     | Reached skill level 11 in Spellcasting
 11683 | D:8      | Killed pigah's ghost
 11917 | D:8      | Killed a boulder beetle
 11917 | D:8      | Killed a tengu warrior
 11917 | D:8      | Killed a centaur warrior
 11919 | D:8      | Killed a skeletal warrior
 11920 | D:8      | Reached skill level 10 in Fighting
 11920 | D:8      | Killed a boulder beetle
 11921 | D:8      | Reached skill level 10 in Necromancy
 12103 | D:11     | Noticed a red ugly thing
 12109 | D:11     | Reached skill level 1 in Shields
 12117 | D:11     | Demolished by a red ugly thing

Illustrated notes

Levels and vault maps discovered:
D:1:      co_arrival_random_square_maze, layout_basic,
          ebering_ecumenical_altar_mist
D:2:      layout_basic, grunt_decor_one_mirror, supply_closet_lemuel
D:3:      layout_loops_corners, serial_shops, nicolae_shop_window_shopping,
          minmay_shallow_snake_nest, uniq_robin
D:4:      nicolae_cairo_tiling_large_dashed, layout_cave_pools, fedhas_altar_3,
          serial_shops, nicolae_shop_crystal, minmay_fountain_box,
          nicolae_grassy_gnolls
D:5:      layout_loops_corners, lemuel_round_altar, minmay_temple_entry_grid
D:6:      layout_cave_pods, worldfamousw_hep_ancestral_shrine, serial_shops,
          shop, minmay_manual_mullet, uniq_pikel
D:7:      layout_basic, serial_corexii_hall, corexii_hall_statues_x,
          chequers_hall_statues_wall_a, dreamdust_wishing_well
D:8:      layout_basic, gammafunk_ghost_smash, onia_ninara_dug_in_and_dangerous
D:9:      layout_long_grid, marbit_many_paths, serial_shops,
          nicolae_shop_hallway_plus
D:10:     layout_basic, orc_0_dummy
D:11:     layout_cave_pools, hellmonk_lair_entry_icy, uniq_fannar
Temple:   dpeg_three_leaves_temple

Skill      XL: |  1  2  3  4  5  6  7  8  9 10 11 |
---------------+----------------------------------+-----
Spellcasting   | 3 4 5 7 8 9 10 11 | 11.8
Earth Magic    | 3 4 5 |  5.0
Conjurations   | 1 2 3 |  3.0
Fighting       | 2 3 6 8 10 | 10.1
Dodging        | 2 3 4 6 |  6.8
Necromancy     | 3 6 8 10 | 10.1
Shields        | 2 |  2.2
Stealth        | |  1.5
Transmutations | |  0.7

Action                     |  1- 3 |  4- 6 |  7- 9 | 10-12 || total
---------------------------+-------+-------+-------+-------++-------
  Melee: Whip              |    15 |       |       |       ||    15
         Punch             |     1 |       |       |       ||     1
         Staff             |       |       |     1 |     4 ||     5
  Throw: Stone             |     2 |     1 |       |       ||     3
         Boomerang         |     9 |    18 |     1 |       ||    28
         Dart              |       |     3 |     2 |       ||     5
   Cast: Sandblast         |    78 |    64 |   161 |    59 ||   362
         Animate Dead      |       |       |     7 |     6 ||    13
         Borgnjor's Vile C |       |       |       |    33 ||    33
         Anguish           |       |       |       |     9 ||     9
  Evoke: Wand              |       |       |       |     1 ||     1
    Use: Scroll            |     4 |     4 |     2 |     4 ||    14
 Armour: Robe              |    15 |     1 |    16 |     9 ||    41
         Animal skin       |       |       |     5 |       ||     5
         Steam dragon scal |       |       |       |     2 ||     2
  Dodge: Dodged            |    64 |    12 |    63 |    55 ||   194

Table legend: (Time is in decaauts)
 A = Elapsed time spent in this place.
 B = Non-inter-level travel time spent in this place.
 C = Inter-level travel time spent in this place.
 D = Time resting spent in this place.
 E = Time spent auto-exploring this place.
 F = Levels seen in this place.
 G = Mean time per level.
                   A        B        C        D        E       F      G
               +--------+--------+--------+--------+--------+-----+--------+
         Total |  12330 |  11853 |    477 |    654 |   9537 |  12 | 1027.5 |
       Dungeon |  12319 |  11846 |    473 |    654 |   9537 |  11 | 1119.9 |
        Temple |     10 |      6 |      4 |      0 |      0 |   1 |   10.0 |
               +--------+--------+--------+--------+--------+-----+--------+

Top non-repeatable levels by time:
    D:10: 1506 daAuts
     D:6: 1399 daAuts
     D:8: 1375 daAuts
     D:9: 1202 daAuts
     D:3: 1202 daAuts
     D:1: 1157 daAuts
     D:7: 1070 daAuts
     D:5: 989 daAuts
     D:2: 948 daAuts
     D:4: 831 daAuts
    D:11: 635 daAuts
  Temple: 10 daAuts
